 Dungeon Crawl Stone Soup version 0.30-a0-381-g6ea064c7b4 (webtiles) character file.

Game seed: 7442455925823749927

539 lokiplouj the Shield-Bearer (level 7, -1/62 HPs)
             Began as a Minotaur Fighter on Dec 1, 2022.
             Was a Follower of Fedhas.
             Constricted to death by Duvessa (6 damage)
             ... on level 4 of the Dungeon.
             The game lasted 00:05:02 (2425 turns).

lokiplouj the Shield-Bearer (Minotaur Fighter)      Turns: 2425, Time: 00:05:04

Health: -1/62      AC:  4    Str: 22    XL:     7   Next: 5%
Magic:  6/6        EV:  8    Int:  5    God:    Fedhas [*.....]
Gold:   132        SH:  5    Dex: 10    Spells: 6/6 levels left

rFire   + . .      SeeInvis .    p - +5 spear (vamp)
rCold   . . .      Faith    .    c - +0 buckler
rNeg    + . .      Spirit   .    q - +2 robe {rN+}
rPois   .          Reflect  .    (helmet restricted)
rElec   .          Harm     .    (no cloak)
rCorr   .          Rampage  .    (no gloves)
Will    .....                    (no boots)
Stlth   +.........               j - amulet of magic regeneration
HPRegen 0.30/turn                s - ring of protection from fire
MPRegen 0.50/turn                (no ring)

@: mighty, lit by a corona, grasped by roots, glowing, constricted
A: horns 2, retaliatory headbutt
a: Renounce Religion


You were on level 4 of the Dungeon.
You worshipped Fedhas.
Fedhas was aware of your devotion.
You visited 1 branch of the dungeon, and saw 4 of its levels.

You collected 132 gold pieces.

Inventory:

Hand Weapons
 a - a +0 war axe
 p - a +5 vampiric spear (weapon)
Armour
 b - a +0 scale mail
 c - a +0 buckler (worn)
 q - a +2 robe of positive energy (worn)
Jewellery
 j - an amulet of magic regeneration (around neck)
 s - a ring of protection from fire (left hand)
Wands
 t - a wand of acid (5)
Scrolls
 f - 3 scrolls of blinking {unknown}
 g - 3 scrolls of enchant weapon {unknown}
 k - 5 scrolls of teleportation {unknown}
 r - a scroll of enchant armour {unknown}
Potions
 e - 3 potions of heal wounds {unknown}
 h - 2 potions of magic {unknown}
 i - 3 potions of resistance {unknown}
 l - 2 potions of brilliance {unknown}
 m - a potion of flight {unknown}
 n - 2 potions of lignification {unknown}
 o - a potion of curing {unknown}


   Skills:
 + Level 5.7 Fighting
 + Level 5.0 Axes
 + Level 5.7 Armour
 + Level 5.8 Shields


You had 6 spell levels left.
You didn't know any spells.
Your spell library contained the following spells:

 Spells                   Type           Power      Damage    Failure   Level
 Shock                    Conj/Air       0%         1d3       56%         1
 Sting                    Tmut/Pois      0%         1d3       56%         1
 Poisonous Vapours        Pois/Air       0%         N/A       71%         2
 Swiftness                Air            0%         N/A       90%         3
 Airstrike                Air            0%         2d(0-16)  100%        4
 Olgreb's Toxic Radiance  Pois           0%         N/A       100%        4


Dungeon Overview and Level Annotations

Branches:
Dungeon (4/15)
 Temple: D:4-7

Altars:
Fedhas
Kikubaaqudgha
Xom

Annotations:
D:4 Dowan, Duvessa


Innate Abilities, Weirdness & Mutations

You have a pair of horns on your head.
You reflexively headbutt those who attack you in melee.


Message History

Dowan casts a spell.
Dowan blinks!
There are monsters nearby!
You hit Duvessa.
You feel better.
Duvessa is moderately wounded.
Duvessa hits you with a +0 short sword!
There are monsters nearby!
You are too injured to fight recklessly!
There are monsters nearby!
You are too injured to fight recklessly!
There are monsters nearby!
You are too injured to fight recklessly!
There are monsters nearby!
You are too injured to fight recklessly!
There are monsters nearby!
You are too injured to fight recklessly!
Unknown command.
You are too injured to fight recklessly!
You hit Duvessa. You headbutt Duvessa, but do no damage.
Duvessa is heavily wounded.
Duvessa hits you with a +0 short sword! You block Dowan's attack.
You puncture Dowan!
You feel better.
Dowan is moderately wounded.
Dowan hits you with a +0 dagger.
* * * LOW HITPOINT WARNING * * *
Duvessa zaps a wand.
The roots erupt in riotous growth!
The grasping roots grab you!
Duvessa is unaffected.
Dowan is unaffected.
The grasping roots constrict you!
* * * LOW HITPOINT WARNING * * *
You hear a shout!
You hear an angry hiss.
Really renounce your faith, foregoing its fabulous benefits?
Okay, then.
Unknown command.
You feel very mighty all of a sudden.
Dowan gestures wildly while chanting.
Dowan blinks!
Duvessa hits you with a +0 short sword.
* * * LOW HITPOINT WARNING * * *
The grasping roots constrict you.
You die...
Fedhas appreciates your contribution to the ecosystem.

#.#.###...######
#.#.##...##
#.#.#..#.#####...
#.#...##.†.......
#..[[#########...
#....# #...##
###.ee######
#....@.....#
#....§.....#
#?......$..#
#..........#
#..........#
##.##.###### #.
#.# #. ..#


You could see Duvessa and Dowan.

Vanquished Creatures
  Grinder (D:3)
  Sigmund (D:4)
  An orc priest (D:3)
  A hound (D:4)
  Terence (D:2)
  Robin (D:3)
  2 adders (D:3)
  4 dart slugs
  2 worms (D:3)
  4 orcs (D:3)
  8 ball pythons
  4 endoplasms
  3 giant cockroaches
  13 goblins
  8 hobgoblins
  4 quokkas
  8 bats
  5 frilled lizards
  5 kobolds
  4 rats
80 creatures vanquished.

Notes
Turn   | Place    | Note
-------+----------+-------------------------------------------
     0 | D:1      | lokiplouj the Minotaur Fighter began the quest for the Orb.
     0 | D:1      | Reached XP level 1. HP: 19/19 MP: 0/0
   119 | D:1      | Reached XP level 2. HP: 23/27 MP: 1/1
   295 | D:1      | Reached XP level 3. HP: 30/33 MP: 2/2
   741 | D:2      | Noticed Terence
   748 | D:2      | Killed Terence
   749 | D:2      | Reached XP level 4. HP: 40/40 MP: 3/3
  1210 | D:3      | Noticed Grinder
  1210 | D:3      | Paralysed by Grinder for 5 turns
  1225 | D:3      | Killed Grinder
  1226 | D:3      | Reached skill level 5 in Fighting
  1226 | D:3      | Reached skill level 5 in Armour
  1226 | D:3      | Reached skill level 5 in Shields
  1226 | D:3      | Reached XP level 5. HP: 41/48 MP: 4/4
  1226 | D:3      | Reached XP level 6. HP: 48/56 MP: 5/5
  1431 | D:3      | Noticed Robin
  1449 | D:3      | Killed Robin
  1981 | D:3      | Found a shimmering altar of Xom.
  1981 | D:3      | Found an ancient bone altar of Kikubaaqudgha.
  2134 | D:3      | Found a faded altar of an unknown god.
  2139 | D:3      | Prayed at the altar of an unknown god.
  2139 | D:3      | Became a worshipper of Fedhas Madash
  2139 | D:3      | Reached * piety under Fedhas
  2170 | D:4      | Noticed Sigmund
  2186 | D:4      | Killed Sigmund
  2187 | D:4      | Reached skill level 5 in Axes
  2187 | D:4      | Reached XP level 7. HP: 10/62 MP: 6/6
  2413 | D:4      | Noticed Duvessa
  2413 | D:4      | Noticed Dowan
  2425 | D:4      | Constricted to death by Duvessa

Illustrated notes

Levels and vault maps discovered:
D:1:      dpeg_arrival_fog, layout_rooms
D:2:      layout_loops_ring, uniq_terence
D:3:      layout_basic, amethyst_overflow_temple_binary,
          shapermc_ecumenical_altar_petra, kennysheep_generic_room_8,
          uniq_grinder, uniq_robin
D:4:      layout_rooms, chequers_jeans, uniq_crazy_yiuf_cottage, uniq_ijyb,
          uniq_duvessa, uniq_sigmund

Skill      XL: |  1  2  3  4  5  6 |
---------------+-------------------+-----
Shields        | 4 5 |  5.8
Armour         | 4 5 |  5.7
Fighting       | 4 5 |  5.7
Axes           | 3 4 5 |  5.0

Action                   |  1- 3 |  4- 6 |  7- 9 || total
-------------------------+-------+-------+-------++-------
Melee: War axe           |    66 |    45 |       ||   111
       Headbutt          |    11 |     8 |     3 ||    22
       Spear             |       |    43 |    11 ||    54
  Use: Potion            |       |       |     1 ||     1
Armor: Scale mail        |    36 |    35 |       ||    71
Dodge: Dodged            |    29 |    33 |     2 ||    64
Block: Buckler           |    16 |    18 |     5 ||    39

Table legend: (Time is in decaauts)
 A = Elapsed time spent in this place.
 B = Non-inter-level travel time spent in this place.
 C = Inter-level travel time spent in this place.
 D = Time resting spent in this place.
 E = Time spent auto-exploring this place.
 F = Levels seen in this place.
 G = Mean time per level.
                   A        B        C        D        E       F      G
               +--------+--------+--------+--------+--------+-----+--------+
         Total |   2464 |   2366 |     98 |      0 |   1923 |   4 |  616.0 |
       Dungeon |   2464 |   2366 |     98 |      0 |   1923 |   4 |  616.0 |
               +--------+--------+--------+--------+--------+-----+--------+

Top non-repeatable levels by time:
     D:3: 1150 daAuts
     D:2: 629 daAuts
     D:1: 430 daAuts
     D:4: 254 daAuts
